 Dungeon Crawl Stone Soup version 0.30-a0-137-gd8773701ce (webtiles) character file.

Game seed: 12825215431354534201

100 IdlyInterested the Sneak (level 4, -1/37 HPs)
             Began as a Demonspawn Wanderer on Sept 21, 2022.
             Slain by a gnoll
             ... wielding a +0 flail
              (7 damage)
             ... on level 2 of the Dungeon.
             The game lasted 00:06:39 (2707 turns).

IdlyInterested the Sneak (Demonspawn Wanderer)      Turns: 2707, Time: 00:06:39

Health: -1/37      AC:  6    Str: 15    XL:     4   Next: 47%
Magic:  5/5        EV: 10    Int: 15    God:
Gold:   57         SH:  0    Dex: 13    Spells: 4/5 levels left

rFire   . . .      SeeInvis .    h - +1 short sword
rCold   . . .      Faith    .    (no shield)
rNeg    . . .      Spirit   .    f - +0 ring mail
rPois   .          Reflect  .    g - +0 helmet
rElec   .          Harm     .    (no cloak)
rCorr   .          Rampage  .    (no gloves)
Will    ++...                    (no boots)
Stlth   ++........               (no amulet)
HPRegen 0.12/turn                s - ring "Zofrodam" {Fly Will++ Str+3}
MPRegen 0.09/turn                (no ring)

@: flying
A: foul stench 1
a: no special abilities


You were on level 2 of the Dungeon.
You visited 1 branch of the dungeon, and saw 2 of its levels.

You collected 69 gold pieces.
You spent 12 gold pieces at shops.

Inventory:

Hand Weapons
 a - a +2 dagger
 h - a +1 short sword (weapon)
Missiles
 j - 4 silver boomerangs
 k - 3 poisoned darts (quivered)
Armour
 c - a +0 scale mail
 e - a +0 leather armour
 f - a +0 ring mail (worn)
 g - a +0 helmet (worn)
 i - a +0 chain mail
 n - a +0 robe
Jewellery
 s - the ring "Zofrodam" (left hand) {Fly Will++ Str+3}
   (You found it on level 2 of the Dungeon)

   [ring of flight]

   Str:       It affects your strength (+3).
   Fly:       It grants you flight.
   Will:      It greatly increases your willpower.
Potions
 l - 2 potions of magic
 m - a potion of lignification
 o - a potion of flight {unknown}
 p - a potion of curing {unknown}
 q - a potion of cancellation
 r - a potion of might {unknown}


   Skills:
 * Level 3.8 Fighting
 + Level 0.6 Throwing
 - Level 2.0 Armour
 - Level 4.0 Stealth
 - Level 1.0 Spellcasting
 - Level 1.0 Air Magic
 - Level 1.0 Evocations


You had 4 spell levels left.
You knew the following spells:

 Your Spells              Type           Power      Damage    Failure   Level
a - Shock                 Conj/Air       8%         1d3       36%         1

Your spell library contained the following spells:

 Spells                   Type           Power      Damage    Failure   Level
 Mephitic Cloud           Conj/Pois/Air  1%         N/A       77%         3


Dungeon Overview and Level Annotations

Branches:
Dungeon (2/15)

Altars:

Shops:
D:1 ?   D:2 *


Innate Abilities, Weirdness & Mutations

You may rarely emit foul miasma when damaged in melee.


Message History

You assume a fearsome visage.
The gnoll looks frightened! x5
A gnoll comes into view. It is wielding a +0 flail.
The gnoll shouts!
Found a potion of heal wounds.
You see here a potion of heal wounds.
b - a potion of heal wounds You hit the gnoll.
The gnoll is lightly wounded.
The gnoll hits you with a +0 flail!
* * * LOW HITPOINT WARNING * * *
You closely miss the gnoll.
The gnoll is lightly wounded.
The gnoll hits you with a +0 flail.
* * * LOW HITPOINT WARNING * * *
You feel much better. The gnoll barely misses you.
You barely miss the gnoll.
The gnoll is lightly wounded.
The gnoll completely misses you.
You closely miss the gnoll.
The gnoll is lightly wounded.
The gnoll hits you with a +0 flail!
You closely miss the gnoll.
The gnoll is lightly wounded.
The gnoll barely misses you.
You barely miss the gnoll.
The gnoll is lightly wounded.
The gnoll hits you with a +0 flail!
* * * LOW HITPOINT WARNING * * *
You completely miss the gnoll.
The gnoll is lightly wounded.
The gnoll hits you with a +0 flail.
* * * LOW HITPOINT WARNING * * *
Okay, then.
You hit the gnoll.
The gnoll is moderately wounded.
The gnoll closely misses you.
You hit the gnoll.
The gnoll is heavily wounded.
The gnoll hits you with a +0 flail!
You die...

....###g####..# #
#...##.####..# #.
#...##........
#.##...##.##.....
#.........##.####
#.........##.#
#.........##.#
#.########...#####.#
#.....@g.....# #.#
##########...# #.# #####
#.# ## #.# . #.#
#######.#### .#
#........... ##.
########## #.#####.....
..
#........####.########.#


You could see a gnoll.

Vanquished Creatures
  Jessica (D:2)
  An adder (D:2)
  2 gnolls (D:2)
  3 bats
  8 endoplasms
  3 giant cockroaches (D:1)
  2 goblins (D:1)
  4 hobgoblins (D:1)
  5 kobolds
  2 quokkas (D:1)
  4 ball pythons
  3 frilled lizards
  3 rats (D:1)
41 creatures vanquished.

Notes
Turn   | Place    | Note
-------+----------+-------------------------------------------
     0 | D:1      | IdlyInterested the Demonspawn Wanderer began the quest for
                  | the Orb.
     0 | D:1      | IdlyInterested set off with the following items: a +2
                  | dagger, a scroll of fear, a +0 scale mail, a potion of heal
                  | wounds; and the following spell memorised: Shock; and the
                  | following spells available to memorise: Mephitic Cloud.
     0 | D:1      | Reached XP level 1. HP: 15/15 MP: 2/2
   498 | D:1      | Gained mutation: You may rarely emit foul miasma when
                  | damaged in melee. [demonic ancestry]
   498 | D:1      | Reached XP level 2. HP: 19/22 MP: 3/3
   847 | D:1      | Found Metekaic's Magic Scroll Boutique.
  1006 | D:1      | Reached skill level 4 in Stealth
  1006 | D:1      | Reached XP level 3. HP: 28/28 MP: 4/4
  1660 | D:1      | Bought a scroll of noise for 12 gold pieces
  1760 | D:2      | Identified the ring "Zofrodam" {Fly Will++ Str+3}
  1956 | D:2      | Found Xewagryo's Assorted Antiques.
  2194 | D:2      | Noticed Jessica
  2227 | D:2      | Killed Jessica
  2426 | D:2      | Reached XP level 4. HP: 29/35 MP: 5/5
  2707 | D:2      | Slain by a gnoll

Illustrated notes

Levels and vault maps discovered:
D:1:      lemuel_arrival_hallway, layout_loops_ring, serial_shops, shop,
          serial_co_window_serial, co_window_corner_a, co_window_corner_a,
          co_window_paths_a, co_window_paths_a, co_window_corner_a,
          co_window_of_opportunity_a, co_window_corner_a, co_window_corner_b,
          co_window_corner_cb, co_window_paths_c, co_window_corner_cb,
          co_window_broadway_c, co_window_corner_b, glass_columns_a,
          glass_columns_a, glass_columns_c
D:2:      layout_loops_ring, ebering_ecumenical_altar_hall, serial_shops,
          nicolae_shop_stone, uniq_jessica

Skill      XL: |  1  2  3 |
---------------+----------+-----
Fighting       | 2 3 |  3.8
Stealth        | 4 |  4.0
Armour         | 2 |  2.0
Throwing       | |  0.6
Spellcasting   | |  1.0
Air Magic      | |  1.0
Evocations     | |  1.0

Action                   |  1- 3 |  4- 6 || total
-------------------------+-------+-------++-------
Melee: Dagger            |   101 |       ||   101
       Punch             |     1 |       ||     1
       Short sword       |    49 |    39 ||    88
Throw: Dart              |       |     5 ||     5
  Use: Scroll            |     4 |     1 ||     5
       Potion            |     3 |     2 ||     5
 Stab: Sleeping          |     3 |       ||     3
Armor: Scale mail        |    16 |       ||    16
       Ring mail         |    49 |     7 ||    56
Dodge: Dodged            |    70 |    21 ||    91

Table legend: (Time is in decaauts)
 A = Elapsed time spent in this place.
 B = Non-inter-level travel time spent in this place.
 C = Inter-level travel time spent in this place.
 D = Time resting spent in this place.
 E = Time spent auto-exploring this place.
 F = Levels seen in this place.
 G = Mean time per level.
                   A        B        C        D        E       F      G
               +--------+--------+--------+--------+--------+-----+--------+
         Total |   2706 |   2482 |    224 |    565 |   1347 |   2 | 1353.0 |
       Dungeon |   2706 |   2482 |    224 |    565 |   1347 |   2 | 1353.0 |
               +--------+--------+--------+--------+--------+-----+--------+

Top non-repeatable levels by time:
     D:1: 1779 daAuts
     D:2: 926 daAuts
